 Dungeon Crawl Stone Soup version 0.27-a0-1595-g0b823d0a13 (webtiles) character file.

Game seed: 13938453830128729125

96 Sobieck the Firebug (level 4, -1/36 HPs)
             Began as a Draconian Fire Elementalist on July 20, 2021.
             Killed by nerve-wracking pain
             ... invoked by Grinder
              (3 damage)
             ... while paralysed by Grinder
             ... on level 3 of the Dungeon.
             The game lasted 00:04:56 (2399 turns).

Sobieck the Firebug (Draconian Fire Elementalist)   Turns: 2399, Time: 00:04:57

Health: -1/36      AC:  5    Str: 10    XL:     4   Next: 41%
Magic:  0/7        EV:  2    Int: 16    God:
Gold:   82         SH:  0    Dex: 12    Spells: 6/7 levels left

rFire    . . .     SeeInvis .   b - +0 halberd {polearm}
rCold    . . .     Faith    .   (shield currently unavailable)
rNeg     . . .     Spirit   .   (armour unavailable)
rPois    .         Reflect  .   (helmet restricted)
rElec    .         Harm     .   (no cloak)
rCorr    .         Rampage  .   (no gloves)
Will     .....                  (no boots)
Stlth    ++........             (no amulet)
HPRegen  0.12/turn              (no ring)
MPRegen  0.10/turn              (no ring)

@: paralysed
A: AC +5, unfitting armour, cold-blooded
a: no special abilities


You were on level 3 of the Dungeon.
You visited 1 branch of the dungeon, and saw 3 of its levels.

You collected 82 gold pieces.


Innate Abilities, Weirdness & Mutations

Your plain brown scales are hard. (AC +5)
You cannot fit into any form of body armour.
You are cold-blooded and may be slowed by cold attacks.


   Skills:
 + Level 1.7 Fighting
 + Level 1.2 Polearms
 + Level 2.3 Dodging
 + Level 2.4 Stealth
 + Level 2.4 Spellcasting
 + Level 1.9 Conjurations
 - Level 3.0 Fire Magic


You had 6 spell levels left.
You knew the following spells:

 Your Spells              Type           Power      Damage    Failure   Level
a - Foxfire               Conj/Fire      36%        2x1d5     7%          1

Your spell library contained the following spells:

 Spells                   Type           Power      Damage    Failure   Level
 Freeze                   Ice            4%         1d3       21%         1
 Conjure Flame            Conj/Fire      9%         6-21      22%         3
 Poisonous Vapours        Pois/Air       2%         N/A       30%         2
 Inner Flame              Hex/Fire       6%         N/A       32%         3
 Mephitic Cloud           Conj/Pois/Air  4%         N/A       41%         3
 Frozen Ramparts          Ice            2%         1d2       52%         3
 Sticky Flame             Conj/Fire      9%         2d3       56%         4
 Hailstorm                Conj/Ice       5%         3d4       78%         4
 Fireball                 Conj/Fire      4%         3d4       89%         5
 Freezing Cloud           Conj/Ice/Air   2%         6-21      99%         5

Inventory:

Hand Weapons
 b - a +0 halberd (weapon) {polearm}
   (You found it on level 1 of the Dungeon)
 h - a +0 dagger of venom {short}
   (You took it off a kobold on level 2 of the Dungeon)
Missiles
 d - 37 sling bullets
 e - 65 stones {throwing}
 i - 12 arrows
Scrolls
 c - 5 scrolls of identify {unknown}
 j - a scroll of teleportation {unknown}
Potions
 a - a potion of curing {unknown}
 f - a potion of ambrosia {unknown}
 g - a potion of flight {unknown}
 k - a potion of lignification {unknown}

Dungeon Overview and Level Annotations

Branches:
Dungeon (3/15)

Altars:
Vehumet

Shops:
D:2 ?

Annotations:
D:3 Grinder

#.# #.# # #.#
.# #.##.####
.o.......
#o.)...?.
#######5o......
#....§.@#
#.....§§##
#........#
#......#.#
.........
#...†..#.#
#......##
####+#.#+###
.........
#.....†....#
#........
####.......#
#........
...........#
#........


You could see Grinder and 3 orcs.


Message History

You conjure some foxfire!
The foxfire hits the jackal. x2
The jackal misses you.
The foxfire hits the jackal. 😎 MP[-1]
You lost 1 mp, and now have 4/7 mp.
You puncture the jackal!
You kill the jackal!
The foxfire hits the jackal.
You kill the jackal!
No target in view!
You see here a jackal corpse.
A jackal comes into view. 😎 MP[+3]
Your mp is fully restored (7).
The jackal closely misses you.
You conjure some foxfire!
The jackal bites you but does no damage. 😎 MP[-1]
You lost 1 mp, and now have 6/7 mp.
You hit the jackal but do no damage.
The foxfire hits the jackal. x2
You kill the jackal!
An orc comes into view. It is wielding a +0 dagger.
The orc shouts!
You hear a shout! x2 😎 MP[+1]
Your mp is fully restored (7).
You conjure some foxfire! 😎 MP[-1]
You lost 1 mp, and now have 6/7 mp.
The foxfire hits the orc. x2
You kill the orc!
Grinder comes into view.
You conjure some foxfire!
Grinder shouts!
You hear a shout! x2 😎 MP[-1]
You lost 1 mp, and now have 5/7 mp.
You conjure some foxfire!
Grinder blinks! 😎 MP[-1]
You lost 1 mp, and now have 4/7 mp.
You conjure some foxfire!
The foxfire hits Grinder. x4 😎 MP[-1]
You lost 1 mp, and now have 3/7 mp.
You conjure some foxfire!
The foxfire hits Grinder but does no damage. 😎 MP[-1]
You lost 1 mp, and now have 2/7 mp.
You closely miss Grinder.
Your tail-slap misses Grinder.
The foxfire hits Grinder. x2
Grinder gestures at you.
You suddenly lose the ability to move!
Grinder hits you! x2
An orc comes into view. It is wielding a +0 dagger.
Grinder hits you.
You writhe in agony.
You can move again. 😮 HP[-17] MP[+1]
You take 17 damage, and now have 19/36 hp.
MASSIVE DAMAGE!! (PAUSE)
Casting: Foxfire (safe; 7% risk of failure)
Confirm with . or Enter, or press ? or * to list all spells.
You conjure some foxfire!
The orc shouts!
Grinder hits you but does no damage.
An orc comes into view. It is wielding a +0 mace. 😮 MP[-1]
You lost 1 mp, and now have 2/7 mp.
Unknown command.
Casting: Foxfire (safe; 7% risk of failure)
Confirm with . or Enter, or press ? or * to list all spells.
You conjure some foxfire!
The foxfire hits Grinder but does no damage.
The foxfire hits Grinder.
Grinder hits you.
* * * LOW HITPOINT WARNING * * *
You writhe in agony.
* * * LOW HITPOINT WARNING * * *
The orc misses you. 😨 HP[-7] MP[-1]
You take 7 damage, and now have 12/36 hp.
You lost 1 mp, and now have 1/7 mp.
Unknown command.
Casting: Foxfire (safe; 7% risk of failure)
Confirm with . or Enter, or press ? or * to list all spells.
You conjure some foxfire!
Grinder hits you but does no damage. The orc hits you with a +0 dagger.
* * * LOW HITPOINT WARNING * * *
😨 HP[-1] MP[-1]
You take 1 damage, and now have 11/36 hp.
You lost 1 mp, and now have 0/7 mp.
Unknown command.
You closely miss Grinder.
Your tail-slap misses Grinder.
The foxfire hits Grinder. x2
The foxfire hits Grinder but does no damage.
Grinder gestures at you.
You suddenly lose the ability to move!
The orc hits you with a +0 dagger.
* * * LOW HITPOINT WARNING * * *
An orc comes into view. It is wielding a +0 club.
Grinder hits you.
* * * LOW HITPOINT WARNING * * *
The orc hits you with a +0 dagger.
* * * LOW HITPOINT WARNING * * *
Grinder gestures at you. Pain shoots through your body!
You die...

Skill      XL: |  1  2  3 |
---------------+----------+-----
Fighting       | 1 |  1.7
Dodging        | 2 |  2.3
Stealth        | 2 |  2.4
Polearms       | 1 |  1.2
Spellcasting   | |  2.4
Conjurations   | |  1.9
Fire Magic     | |  3.0

Action                   |  1- 3 |  4- 6 || total
-------------------------+-------+-------++-------
Melee: Halberd           |    73 |     6 ||    79
       Unarmed           |     1 |       ||     1
       Tailslap          |     2 |       ||     2
 Cast: Foxfire           |    34 |    13 ||    47
 Stab: Sleeping          |     4 |       ||     4
Armor: Skin              |    23 |     3 ||    26
Dodge: Dodged            |    42 |     5 ||    47

Levels and vault maps discovered:
D:1:      dpeg_arrival_round_a, layout_rooms, serial_bayou, serial_bayou_pond_e,
          serial_bayou_shore_a, serial_bayou_ford_a, serial_bayou_lagoon_a,
          dreamdust_ecumenical_altar_hidden_monk_grotto, minmay_tromino_i4
D:2:      layout_basic, serial_shops, shop
D:3:      layout_basic, nicolae_vehumet_altar_sigil, gammafunk_ghost_smash,
          uniq_grinder

Notes
Turn   | Place    | Note
-------+----------+-------------------------------------------
     0 | D:1      | Sobieck the Draconian Fire Elementalist began the quest for
                  | the Orb.
     0 | D:1      | Reached XP level 1. HP: 14/14 MP: 3/3
     0 | D:1      | magus.rc [v1.9.6]
   152 | D:1      | You pick up a book of Vapours and begin reading...
   152 | D:1      | You add the spells Poisonous Vapours, Mephitic Cloud and
                  | Freezing Cloud to your library.
   166 | D:1      | Reached XP level 2. HP: 20/22 MP: 5/5
   381 | D:1      | Reached skill level 1 in Fighting
   381 | D:1      | Reached skill level 2 in Dodging
   381 | D:1      | Reached skill level 2 in Stealth
   456 | D:1      | You pick up a book of Frost and begin reading...
   456 | D:1      | You add the spells Freeze, Frozen Ramparts and Hailstorm to
                  | your library.
   726 | D:1      | Found a faded altar of an unknown god.
   930 | D:2      | Reached XP level 3. HP: 28/28 MP: 2/6
  1514 | D:2      | Found Riagg's Magic Scroll Emporium.
  2077 | D:3      | Reached skill level 1 in Polearms
  2125 | D:3      | Found a radiant altar of Vehumet.
  2140 | D:3      | Reached XP level 4. HP: 18/36 MP: 0/7
  2386 | D:3      | Noticed Grinder
  2391 | D:3      | Paralysed by Grinder for 4 turns
  2398 | D:3      | Paralysed by Grinder for 7 turns
  2398 | D:3      | HP: 8/36 [orc (3)]
  2398 | D:3      | HP: 3/36 [Grinder (5)]
  2399 | D:3      | Killed from afar by Grinder

Vanquished Creatures
  An orc wizard (D:3)
  An adder (D:3)
  A gnoll (D:1)
  A worm (D:2)
  4 orcs (D:3)
  5 endoplasms
  7 goblins
  A hobgoblin (D:1)
  6 jackals
  A quokka (D:2)
  3 ball pythons
  3 bats
  A frilled lizard (D:2)
  4 kobolds
  5 rats
44 creatures vanquished.

Vanquished Creatures (others)
  80 foxfires
80 creatures vanquished.

Grand Total: 124 creatures vanquished

Table legend:
 A = Non-vault XP
 B = Vault XP
 C = Vault XP percentage of total XP
 D = Non-vault monster count
 E = Vault monster count
 F = Vault count percentage of total count
                 A         B        C        D         E       F
            +---------+---------+-------+---------+---------+-------
      Total |     133 |       5 |   3.6 |      41 |       3 |   6.8
            +---------+---------+-------+---------+---------+-------
        D:1 |      34 |       5 |  12.8 |      14 |       3 |  17.6
        D:2 |      29 |       0 |   0.0 |      16 |       0 |   0.0
        D:3 |      70 |       0 |   0.0 |      11 |       0 |   0.0
            +---------+---------+-------+---------+---------+-------

Illustrated notes

Table legend:
 A = Kills in this place as a percentage of kills in entire the game.
 B = Kills by you in this place as a percentage of kills by you in the entire game.
 C = Kills by friends in this place as a percentage of kills by friends in the entire game.
 D = Other kills in this place as a percentage of other kills in the entire game.
 E = Experience gained in this place as a percentage of experience gained in the entire game.
 F = Experience gained in this place divided by the number of levels of this place that you have seen.
                   A       B       C       D       E      F
               +-------+-------+-------+-------+-------+----------------------
         Total | 100.0 | 100.0 |   N/A |   N/A | 100.0 |  46.0
       Dungeon | 100.0 | 100.0 |   N/A |   N/A | 100.0 |  46.0
               +-------+-------+-------+-------+-------+----------------------

Table legend: (Time is in decaauts)
 A = Elapsed time spent in this place.
 B = Non-inter-level travel time spent in this place.
 C = Inter-level travel time spent in this place.
 D = Time resting spent in this place.
 E = Time spent auto-exploring this place.
 F = Levels seen in this place.
 G = Mean time per level.
                   A        B        C        D        E       F      G
               +--------+--------+--------+--------+--------+-----+--------+
         Total |   2459 |   2386 |     73 |    589 |   1449 |   3 |  819.7 |
       Dungeon |   2459 |   2386 |     73 |    589 |   1449 |   3 |  819.7 |
               +--------+--------+--------+--------+--------+-----+--------+

Top non-repeatable levels by time:
     D:2: 1024 daAuts
     D:1: 952 daAuts
     D:3: 482 daAuts
